 Dungeon Crawl Stone Soup version 0.31.0-1-g2c135a0 (webtiles) character file.

Game seed: 12080608126088743442

52 mezmerelda the Chopper (level 3, -1/31 HPs)
             Began as a Hill Orc Fighter on Mar 9, 2024.
             Slain by a gnoll
             ... wielding a +0 spear
              (5 damage)
             ... on level 4 of the Dungeon.
             The game lasted 00:04:09 (865 turns).

mezmerelda the Chopper (Hill Orc Fighter)            Turns: 865, Time: 00:04:10

Health: -1/31      AC:  6    Str: 20    XL:     3   Next: 85%
Magic:  3/3        EV:  9    Int:  8    God:
Gold:   109        SH:  4    Dex: 10    Spells: 2/2 levels left

rFire   . . .        a - +0 war axe
rCold   . . .        c - +0 buckler
rNeg    . . .        b - +0 scale mail
rPois   .            (no helmet)
rElec   .            (no cloak)
rCorr   .            (no gloves)
SInv    .            (no boots)
Will    .....        (no amulet) Stlth
                     (no ring)
HPRegen 0.25/turn    (no ring)
MPRegen 0.08/turn

%: no passive effects
@: no status effects
A: no striking features
a: no special abilities


You were on level 4 of the Dungeon.
You visited 1 branch of the dungeon, and saw 4 of its levels.

You collected 109 gold pieces.

Inventory:

Hand Weapons
 a - a +0 war axe (weapon)
Armour
 b - a +0 scale mail (worn)
 c - a +0 buckler (worn)
Jewellery
 k - a ring of ice
Scrolls
 g - a scroll of enchant weapon {unknown}
 h - a scroll of teleportation {unknown}
 i - a scroll of identify {unknown}
 l - a scroll of amnesia {unknown}
Potions
 d - a potion of might
 e - a potion of enlightenment {unknown}
 f - 2 potions of curing {unknown}
 j - a potion of cancellation {unknown}
 m - a potion of ambrosia {unknown}
 n - a potion of brilliance {unknown}


   Skills:
 - Level 3.6 Fighting
 + Level 5.4 Axes
 - Level 3.2 Armour
 - Level 3.2 Shields


You had 2 spell levels left.
You didn't know any spells.
Your spell library contained the following spells:

 Spells                   Type           Power      Damage    Failure   Level
 Summon Small Mammal      Summ           0%         N/A       83%         1
 Call Canine Familiar     Summ           0%         N/A       99%         3
 Summon Blazeheart Golem  Fire/Summ      0%         N/A       100%        4


Dungeon Overview and Level Annotations

Branches:
Dungeon (4/15)
 Temple: D:4-7

Altars:
Sif Muna
Vehumet
Zin


Message History

The gnoll hits you from afar with a +0 spear.
You block the adder's attack.
Found 2 sedimented orange potions and a scroll labelled XUISKI RUXE.
A goblin comes into view. It is wielding a +0 club.
The gnoll attacks as it pursues you! The gnoll barely misses you.
You block the adder's attack.
The goblin shouts!
You block the adder's attack. The adder attacks as it pursues you!
The adder bites you. The gnoll attacks as it pursues you!
The gnoll completely misses you.
A goblin comes into view. It is wielding a +0 club.
The goblin shouts!
The adder barely misses you. The adder attacks as it pursues you!
The adder barely misses you. The adder bites you.
The gnoll hits you with a +0 spear!
The gnoll hits you from afar with a +0 spear.
You barely miss the goblin. You hit the gnoll but do no damage.
You closely miss the adder. The gnoll hits you with a +0 spear.
* * * LOW HITPOINT WARNING * * *
You block the goblin's attack.
The gnoll hits you from afar with a +0 spear.
* * * LOW HITPOINT WARNING * * *
The adder bites you but does no damage. You block the gnoll's attack.
The goblin barely misses you. The goblin hits you but does no damage.
The gnoll hits you from afar with a +0 spear.
* * * LOW HITPOINT WARNING * * *
The adder bites you but does no damage.
Unknown command.
Unknown command.
You closely miss the goblin. You completely miss the goblin.
You barely miss the gnoll. You barely miss the adder.
The adder bites you but does no damage. You block the gnoll's attack.
You block the goblin's attack. The goblin hits you but does no damage.
The gnoll barely misses you.
Okay, then.
You barely miss the adder. You hit the gnoll. You barely miss the goblin.
You hit the goblin but do no damage. The adder bites you but does no damage.
The gnoll hits you with a +0 spear.
You die...

#.(≈≈####.g... ....
..≈.≈≈.......# #...
..≈.#≈###.##.###..
≈≈~##≈≈#.......#.#
......≈#.#####.#.##
...≈#.≈..#
#....#####
.)≈~.....##
#g.g.....#
.≈~.......#
#gggg#####
#≈.#.#..≈#####.#@##
.[#.###≈≈≈.....#S#
##### #####......#
########


You could see 4 gnolls, an adder and 2 goblins.

Vanquished Creatures
  An adder (D:4)
  A dart slug (D:2)
  A ribbon worm (D:2)
  3 ball pythons
  4 endoplasms
  3 giant cockroaches
  7 goblins
  4 hobgoblins
  4 kobolds
  A quokka (D:3)
  A bat (D:1)
  2 frilled lizards (D:2)
  3 rats
35 creatures vanquished.

Notes
Turn   | Place    | Note
-------+----------+-------------------------------------------
     0 | D:1      | mezmerelda the Hill Orc Fighter began the quest for the
                  | Orb.
     0 | D:1      | Reached XP level 1. HP: 19/19 MP: 1/1
    24 | D:1      | Reached skill level 3 in Axes
   148 | D:1      | Reached XP level 2. HP: 24/26 MP: 2/2
   223 | D:1      | Reached skill level 4 in Axes
   267 | D:2      | Found a shimmering blue altar of Sif Muna.
   358 | D:2      | Reached XP level 3. HP: 29/31 MP: 3/3
   584 | D:3      | Reached skill level 5 in Axes
   722 | D:3      | Found a glowing silver altar of Zin.
   753 | D:3      | Found a radiant altar of Vehumet.
   865 | D:4      | Slain by a gnoll

Illustrated notes

Levels and vault maps discovered:
D:1:      dpeg_arrival_simpleton_c, layout_basic
D:2:      kb_forest_paths, layout_basic, serial_shops, shop_fountains,
          basic_altar, uniq_crazy_yiuf_cottage
D:3:      layout_basic, grunt_temple_overflow_open,
          gammafunk_temple_overflow_claw, ebering_ghost_rock_garden
D:4:      layout_loops_ring, mainiacjoe_overflow_brackets, serial_rivers,
          chequers_serial_rivers_small_b, chequers_serial_rivers_large_b,
          chequers_serial_rivers_room_a, chequers_serial_rivers_marsh,
          chequers_serial_rivers_room_a, kennysheep_cluttered_room,
          supply_closet_lemuel, uniq_natasha

Skill      XL: |  1  2  3 |
---------------+----------+-----
Axes           | 3 4 5 |  5.4
Fighting       | |  3.6
Armour         | |  3.2
Shields        | |  3.2

Action                     || total
---------------------------++-------
  Melee: War axe           ||    85
 Armour: Scale mail        ||    56
  Dodge: Dodged            ||    35
  Block: Buckler           ||    23
